 Dungeon Crawl Stone Soup version 0.29.1-12-g30fa7ad0bf (webtiles) character file.

Game seed: 8018944977696519921

379 croobank the Conjurer (level 6, -1/46 HPs)
             Began as a Demonspawn Conjurer on Dec 21, 2022.
             Slain by an ice beast (8 damage)
             ... on level 5 of the Dungeon.
             The game lasted 00:10:36 (5164 turns).

croobank the Conjurer (Demonspawn Conjurer)         Turns: 5164, Time: 00:10:37

Health: -1/46      AC:  4    Str:  7    XL:     6   Next: 45%
Magic:  9/19       EV: 12    Int: 27    God:
Gold:   296        SH:  4    Dex: 12    Spells: 5/11 levels left

rFire   . . .      SeeInvis .   g - +0 dagger
rCold   . . .      Faith    .   (no shield)
rNeg    . . .      Spirit   .   a - +0 robe
rPois   .          Reflect  .   (no helmet)
rElec   .          Harm     .   (no cloak)
rCorr   .          Rampage  .   (no gloves)
Will    .....                   f - +0 pair of boots
Stlth   ++........              (no amulet)
HPRegen 0.15/turn               i - ring of magical power
MPRegen 0.16/turn               r - +6 ring of intelligence

@: very slightly contaminated
A: claws 1, sharp scales 1, condensation shield
a: no special abilities


You were on level 5 of the Dungeon.
You visited 1 branch of the dungeon, and saw 5 of its levels.

You collected 296 gold pieces.

Inventory:

Hand Weapons
 g - a +0 dagger (weapon)
Missiles
 l - 3 throwing nets
 v - 5 boomerangs
Armour
 a - a +0 robe (worn)
 f - a +0 pair of boots (worn)
 h - a +0 chain mail of willpower
Jewellery
 i - a ring of magical power (left claw)
 r - a +6 ring of intelligence (right claw)
Wands
 t - a wand of paralysis (5)
 x - a wand of quicksilver (12)
Scrolls
 e - a scroll of blinking
 m - a scroll of amnesia
 q - a scroll of teleportation {unknown}
 w - a scroll of identify
Potions
 b - 2 potions of magic
 c - 3 potions of heal wounds
 d - a potion of haste
 n - a potion of might
 o - a potion of lignification
 p - a potion of flight {unknown}
 s - a potion of berserk rage {unknown}
 u - a potion of resistance {unknown}
 z - a potion of curing {unknown}


   Skills:
 + Level 2.5 Fighting
 + Level 3.2 Dodging
 + Level 3.4 Stealth
 + Level 3.2 Spellcasting
 + Level 5.0 Conjurations


You had 5 spell levels left.
You knew the following spells:

 Your Spells              Type           Power      Damage    Failure   Level
a - Magic Dart            Conj           100%       1d8       1%          1
b - Searing Ray           Conj           62%        2d6       1%          2
c - Dazzling Flash        Conj/Hex       34%        N/A       10%         3

Your spell library contained the following spells:

 Spells                   Type           Power      Damage    Failure   Level
 Fulminant Prism          Conj/Hex       8%         3d7       30%         4
 Iskenderun's Mystic Bla  Conj/Tloc      17%        2d5       30%         4


Dungeon Overview and Level Annotations

Branches:
Dungeon (5/15)
 Temple: D:4-7

Altars:
Yredelemnul

Shops:
D:1 ?

Annotations:
D:4 3 runed translucent doors, mkat's ghost, amateur SpTm


Innate Abilities, Weirdness & Mutations

You have sharp fingernails.
You are partially covered in razor-sharp scales. (AC +1, Slay +1)
A meltable shield of frost defends you. (SH +4)


Message History

Aiming: Paralyse
Press: ? - help, Shift-Dir - straight line, f/p - ice beast
Aim: an ice beast (moderately wounded, chance to affect: 49%)
The ice beast resists with some effort.
Casting: Magic Dart (safe; 1% risk of failure)
Confirm with . or Enter, or press ? or * to list all spells.
Aiming: Magic Dart (safe; 1% risk of failure)
Press: ? - help, Shift-Dir - straight line, f/p - ice beast
Aim: an ice beast (moderately wounded, 100% to hit)
The magic dart hits the ice beast.
The ice beast is heavily wounded.
Casting: Magic Dart (safe; 1% risk of failure)
Confirm with . or Enter, or press ? or * to list all spells.
Aiming: Searing Ray (safe; 1% risk of failure)
Press: ? - help, Shift-Dir - straight line, f/p - ice beast
Aim: an ice beast (heavily wounded, 79% to hit)
The searing ray misses the ice beast. (Press . to maintain the ray.)
The searing ray hits the ice beast.
The ice beast is heavily wounded.
The searing ray hits the ice beast.
The ice beast is severely wounded.
The ice beast hits you. The ice beast freezes you!
The searing ray hits the ice beast.
The ice beast is almost dead.
You finish channelling your searing ray.
The ice beast hits you. The ice beast freezes you!
Casting: Searing Ray (safe; 1% risk of failure)
Confirm with . or Enter, or press ? or * to list all spells.
Aiming: Searing Ray (safe; 1% risk of failure)
Press: ? - help, Shift-Dir - straight line, f/p - ice beast
Aim: an ice beast (almost dead, 79% to hit)
You miscast Searing Ray.
You are very lightly contaminated with residual magic.
Nothing appears to happen.
The ice beast hits you. The ice beast freezes you!
* * * LOW HITPOINT WARNING * * *
The ice beast hits you.
* * * LOW HITPOINT WARNING * * *
The ice beast freezes you!
You die...

#.............
##.#...........
##..............
#....#.†.....(.#..
#.##......##...#
#.
.##.#...###.###..
.
#...>.[..........
.##.#.....†......
. #.#....@#......
#.....Y........
###............
#.............
.......!.......
###.###.......##
... ..$....... ##
#.##.####.


You could see an ice beast.

Vanquished Creatures
  2 hounds (D:5)
  4 iguanas
  A scorpion zombie (D:4)
  An orc wizard (D:4)
  A hound zombie (D:4)
  2 adders (D:3)
  7 gnolls (D:4)
  An ufetubus (D:5)
  A dart slug (D:1)
  5 orcs (D:4)
  5 ball pythons
  7 endoplasms
  4 giant cockroaches
  4 hobgoblins
  2 jackals (D:1)
  4 quokkas
  4 bats
  3 frilled lizards
  2 goblins
  4 kobolds
  6 rats
70 creatures vanquished.

Notes
Turn   | Place    | Note
-------+----------+-------------------------------------------
     0 | D:1      | croobank the Demonspawn Conjurer began the quest for the
                  | Orb.
     0 | D:1      | Reached XP level 1. HP: 13/13 MP: 3/3
    20 | D:1      | Found Viqe's Magic Scroll Shop.
   434 | D:1      | Gained mutation: You are partially covered in razor-sharp
                  | scales. (AC +1, Slay +1) [demonic ancestry]
   434 | D:1      | Reached XP level 2. HP: 19/19 MP: 1/5
   513 | D:1      | Learned a level 2 spell: Searing Ray
  1561 | D:2      | Found a faded altar of an unknown god.
  2038 | D:3      | Gained mutation: A meltable shield of frost defends you.
                  | (SH +4) [demonic ancestry]
  2038 | D:3      | Reached XP level 3. HP: 25/25 MP: 6/6
  2370 | D:3      | Reached skill level 1 in Fighting
  3194 | D:4      | Learned a level 3 spell: Dazzling Flash
  3286 | D:4      | Found a runed translucent gate.
  3286 | D:4      | Found a runed translucent gate.
  3286 | D:4      | Found a runed translucent gate.
  3286 | D:4      | Noticed mkat's ghost (amateur SpTm)
  3288 | D:4      | Found a basalt altar of Yredelemnul.
  3297 | D:4      | Reached XP level 4. HP: 32/32 MP: 7/7
  3932 | D:4      | Reached XP level 5. HP: 38/38 MP: 9/9
  4491 | D:4      | Gained mutation: You have sharp fingernails. [demonic
                  | ancestry]
  4491 | D:4      | Reached XP level 6. HP: 44/44 MP: 10/10
  4976 | D:5      | Entered Level 5 of the Dungeon
  5110 | D:5      | Reached skill level 5 in Conjurations
  5154 | D:5      | Noticed an ice beast
  5164 | D:5      | Slain by an ice beast

Illustrated notes

Levels and vault maps discovered:
D:1:      doesnt_arrival_eight_statues, layout_basic, serial_shops,
          nicolae_shop_hallway_plus
D:2:      layout_basic, shapermc_ecumenical_altar_mp_ritualfount
D:3:      layout_basic
D:4:      layout_layer_cave, nicolae_yredelemnul_ghost_church
D:5:      layout_loops_ring, uniq_pikel

Skill      XL: |  1  2  3  4  5  6 |
---------------+-------------------+-----
Stealth        | 2 3 |  3.4
Dodging        | 2 3 |  3.2
Fighting       | 1 2 |  2.5
Spellcasting   | 3 |  3.2
Conjurations   | 5 |  5.0

Action                   |  1- 3 |  4- 6 || total
-------------------------+-------+-------++-------
Melee: Unarmed           |     2 |       ||     2
       Dagger            |    10 |       ||    10
 Cast: Magic Dart        |    56 |    34 ||    90
       Searing Ray       |    13 |    16 ||    29
Evoke: Wand              |       |     1 ||     1
  Use: Scroll            |     5 |     4 ||     9
 Stab: Sleeping          |     1 |       ||     1
Armor: Robe              |     5 |     4 ||     9
Dodge: Dodged            |    16 |     7 ||    23
Block: Other             |       |     3 ||     3
